3A
EUGENE VANDALS @ GRIM REAPERS
05/20/2037
 
TOP OF THE 1ST
Eugene Vandals batting - Pitching for Grim Reapers : RHP Wilbert Gallegos
Pitching: RHP Wilbert Gallegos
Batting: RHB António Reyes 0-0: Swinging Strike
0-1: Ball
1-1: Ball
2-1: Foul Ball, location: 2F
2-2: Foul Ball, location: 2F
2-2: Foul Ball, location: 2F
2-2: Fly out, F8 (Flyball, 89S, EV 75.0 MPH)
Batting: RHB Albert McBride 0-0: Ball
1-0: Ball
2-0: Called Strike
2-1: Swinging Strike
2-2: Strikes out looking
Batting: LHB Robby Sinor 0-0: Ball
1-0: Called Strike
1-1: Swinging Strike
1-2: Fly out, F7 (Flyball, 7S, EV 89.4 MPH)
Top of the 1st over - 0 runs, 0 hits, 0 errors, 0 left on base; Eugene 0 - Grim 0
BOTTOM OF THE 1ST
Grim Reapers batting - Pitching for Eugene Vandals : RHP Jesús Nasario
Pitching: RHP Jesús Nasario
Batting: SHB Leonard Davis 0-0: Foul Ball, location: 2F
0-1: Ball
1-1: Ball
2-1: Ball
3-1: Called Strike
3-2: Ground out 4-3 (Groundball, 4, EV 89.4 MPH)
Batting: RHB Hayes Rutherford 0-0: Called Strike
0-1: Ball
1-1: SINGLE (Line Drive, 4MD, EV 95.6 MPH)
Batting: RHB Kevin Bates 0-0: Ball
1-0: Called Strike
1-1: Ground out 4-3 (Groundball, 34, EV 83.1 MPH)
Hayes Rutherford to second
Batting: SHB Takechi Yamashita 0-0: Foul Ball, location: 2F
0-1: Foul Ball, location: 2F
0-2: Ball
1-2: Ball
2-2: Ball
3-2: SINGLE (Groundball, 4MD, EV 111.9 MPH)
Hayes Rutherford to third
Hayes Rutherford scores
Batting: SHB Tekkan Hayagawa 0-0: SINGLE (Groundball, 4D, EV 96.9 MPH)
Takechi Yamashita to second
Batting: LHB Fernando Guillén 0-0: Swinging Strike
0-1: SINGLE (Line Drive, 7LS, EV 105.6 MPH)
Takechi Yamashita to third
Tekkan Hayagawa to second
Batting: LHB Lonnie Baker 0-0: Ball
1-0: SINGLE (Line Drive, 9S, EV 100.6 MPH)
Takechi Yamashita scores
Tekkan Hayagawa to third
Fernando Guillén to second
Runner from 3rd tries for Home, SAFE, no throw by RF
Batting: RHB Chi-eun Mun 0-0: Ball
1-0: Called Strike
1-1: SINGLE (Line Drive, 89S, EV 99.4 MPH)
Fernando Guillén to third
Lonnie Baker to second
Batting: LHB Lorenzo Ortíz 0-0: Called Strike
0-1: Ball
1-1: Called Strike
1-2: Fly out, F8 (Line Drive, 8RD, EV 85.0 MPH)
Bottom of the 1st over - 3 runs, 6 hits, 0 errors, 3 left on base; Eugene 0 - Grim 3
TOP OF THE 2ND
Eugene Vandals batting - Pitching for Grim Reapers : RHP Wilbert Gallegos
Batting: RHB Xiao-yong Chu 0-0: Swinging Strike
0-1: Foul Ball, location: 2F
0-2: Strikes out swinging
Batting: RHB Pakarati Girawheen 0-0: Called Strike
0-1: Foul Ball, location: 2F
0-2: Ball
1-2: Foul Ball, location: 2F
1-2: Strikes out swinging
Batting: RHB Chico Custardoi 0-0: Swinging Strike
0-1: Ball
1-1: Swinging Strike
1-2: Strikes out swinging
Top of the 2nd over - 0 runs, 0 hits, 0 errors, 0 left on base; Eugene 0 - Grim 3
BOTTOM OF THE 2ND
Grim Reapers batting - Pitching for Eugene Vandals : RHP Jesús Nasario
Batting: SHB Leonard Davis 0-0: Foul Ball, location: 2F
0-1: Ball
1-1: Swinging Strike
1-2: Ball
2-2: Ball
3-2: SINGLE (Groundball, 15, EV 68.1 MPH) (infield hit)
Batting: RHB Hayes Rutherford 0-0: 2-RUN HOME RUN (Flyball, 7LD, EV 103.8 MPH), Distance : 343 ft
Batting: RHB Kevin Bates 0-0: Fly out, F9 (Flyball, 9D, EV 106.9 MPH)
Batting: SHB Takechi Yamashita 0-0: Called Strike
0-1: Ball
1-1: Ball
2-1: Foul Ball, location: 2F
2-2: Ball
3-2: Base on Balls
Batting: SHB Tekkan Hayagawa 0-0: Ball
1-0: Ball
2-0: Called Strike
2-1: SINGLE (Line Drive, 78M, EV 103.8 MPH)
Takechi Yamashita to second
Batting: LHB Fernando Guillén 0-0: Ball
1-0: Ground out U3 (Groundball, 34S, EV 71.2 MPH)
Takechi Yamashita to third
Tekkan Hayagawa to second
Batting: LHB Lonnie Baker 0-0: Ball
1-0: Ball
2-0: Called Strike
2-1: Foul Ball, location: 2F
2-2: Strikes out swinging
Bottom of the 2nd over - 2 runs, 3 hits, 0 errors, 2 left on base; Eugene 0 - Grim 5
TOP OF THE 3RD
Eugene Vandals batting - Pitching for Grim Reapers : RHP Wilbert Gallegos
Batting: RHB Myeong-keun Kim 0-0: Swinging Strike
0-1: Ground out 6-3 (Groundball, 6, EV 85.6 MPH)
Batting: RHB Per Coppens 0-0: Ball
1-0: DOUBLE (Groundball, 5L, EV 98.1 MPH)
Batting: RHB Jorge Cruz 0-0: Called Strike
0-1: Ball
1-1: Ball
2-1: Called Strike
2-2: Foul Ball, location: 2F
2-2: Foul Ball, location: 2F
2-2: Strikes out swinging
Batting: RHB António Reyes 0-0: Ground out 6-3 (Groundball, 6, EV 89.4 MPH)
Top of the 3rd over - 0 runs, 1 hit, 0 errors, 1 left on base; Eugene 0 - Grim 5
BOTTOM OF THE 3RD
Grim Reapers batting - Pitching for Eugene Vandals : RHP Jesús Nasario
Batting: RHB Chi-eun Mun 0-0: Fly out, F7 (Flyball, 78S, EV 95.0 MPH)
Batting: LHB Lorenzo Ortíz 0-0: Ball
1-0: Ground out U3 (Groundball, 3, EV 103.1 MPH)
Batting: SHB Leonard Davis 0-0: Ball
1-0: Fly out, F3 (Popup, 3F, EV 63.1 MPH)
Bottom of the 3rd over - 0 runs, 0 hits, 0 errors, 0 left on base; Eugene 0 - Grim 5
TOP OF THE 4TH
Eugene Vandals batting - Pitching for Grim Reapers : RHP Wilbert Gallegos
Batting: RHB Albert McBride 0-0: Swinging Strike
0-1: Ball
1-1: Swinging Strike
1-2: Strikes out looking
Batting: LHB Robby Sinor 0-0: Ball
1-0: Ball
2-0: Ground out U3 (Groundball, 3, EV 100.6 MPH)
Batting: RHB Xiao-yong Chu 0-0: Ball
1-0: Called Strike
1-1: Foul Ball, location: 2F
1-2: Strikes out looking
Top of the 4th over - 0 runs, 0 hits, 0 errors, 0 left on base; Eugene 0 - Grim 5
BOTTOM OF THE 4TH
Grim Reapers batting - Pitching for Eugene Vandals : RHP Jesús Nasario
Batting: RHB Hayes Rutherford 0-0: Ball
1-0: Foul Ball, location: 2F
1-1: Ball
2-1: Ground out 1-3 (Groundball, P, EV 87.5 MPH)
Batting: RHB Kevin Bates 0-0: Ball
1-0: Foul Ball, location: 2F
1-1: Ball
2-1: SINGLE (Line Drive, 34, EV 106.2 MPH)
Batting: SHB Takechi Yamashita 0-0: SINGLE (Line Drive, 4MD, EV 98.8 MPH)
Kevin Bates to second
Runner from 2nd tries for 3rd, SAFE, throw by CF made to third
Batting: SHB Tekkan Hayagawa 0-0: Ball
1-0: Fly out, F8 (Flyball, 8RM, EV 96.2 MPH)
Runner from 3rd tags up, SCORES, throw by CF
Pitching: RHP Roque Moreco
Batting: LHB Fernando Guillén 0-0: SINGLE (Groundball, 34D, EV 98.1 MPH)
Takechi Yamashita to second
Batting: LHB Lonnie Baker 0-0: Ball
1-0: Foul Ball, location: 2F
1-1: SINGLE (Groundball, 34D, EV 95.0 MPH)
Takechi Yamashita to third
Fernando Guillén to second
Runner from 3rd tries for Home, SAFE, throw by RF to home
Batting: RHB Chi-eun Mun 0-0: Called Strike
0-1: Foul Ball, location: 2F
0-2: Ball
1-2: Ball
2-2: Ball
3-2: Strikes out swinging
Bottom of the 4th over - 2 runs, 4 hits, 0 errors, 2 left on base; Eugene 0 - Grim 7
TOP OF THE 5TH
Eugene Vandals batting - Pitching for Grim Reapers : RHP Wilbert Gallegos
Batting: RHB Pakarati Girawheen 0-0: Ball
1-0: Foul Ball, location: 2F
1-1: Ball
2-1: Ground out 3-1 (Groundball, 34S, EV 70.0 MPH)
Batting: RHB Chico Custardoi 0-0: Ball
1-0: SINGLE (Line Drive, 78M, EV 110.6 MPH)
Batting: RHB Myeong-keun Kim 0-0: Fly out, F8 (Line Drive, 8RM, EV 85.0 MPH)
Batting: RHB Per Coppens 0-0: Called Strike
0-1: Ball
1-1: Ball
2-1: Foul Ball, location: 2F
2-2: Ball
3-2: Ground out 5-3 (Groundball, 56, EV 79.4 MPH)
Top of the 5th over - 0 runs, 1 hit, 0 errors, 1 left on base; Eugene 0 - Grim 7
BOTTOM OF THE 5TH
Grim Reapers batting - Pitching for Eugene Vandals : RHP Roque Moreco
Batting: LHB Lorenzo Ortíz 0-0: Hit by Pitch
Batting: SHB Leonard Davis 0-0: Ball
1-0: Ball
2-0: Called Strike
2-1: Swinging Strike
2-2: Strikes out swinging
Batting: RHB Hayes Rutherford 0-0: Foul Ball, location: 2F
0-1: Ball
1-1: SINGLE (Groundball, 34, EV 90.0 MPH) (infield hit)
Lorenzo Ortíz to second
Batting: RHB Kevin Bates 0-0: Ball
1-0: Ball
2-0: Called Strike
2-1: Swinging Strike
2-2: Strikes out swinging
Batting: SHB Takechi Yamashita 0-0: Ball
1-0: Ball
2-0: Ball
3-0: Base on Balls
Lorenzo Ortíz to third
Hayes Rutherford to second
Batting: SHB Tekkan Hayagawa 0-0: Called Strike
0-1: Foul Ball, location: 2F
0-2: Ball
1-2: Ball
2-2: Foul Ball, location: 2F
2-2: TRIPLE (Line Drive, 7D, EV 109.4 MPH)
Lorenzo Ortíz scores
Hayes Rutherford scores
Takechi Yamashita scores
Batting: LHB Fernando Guillén 0-0: SINGLE (Groundball, 3D, EV 96.9 MPH)
Tekkan Hayagawa scores
Batting: LHB Lonnie Baker 0-0: Fly out, F4 (Line Drive, 4, EV 73.8 MPH)
Bottom of the 5th over - 4 runs, 3 hits, 0 errors, 1 left on base; Eugene 0 - Grim 11
TOP OF THE 6TH
Eugene Vandals batting - Pitching for Grim Reapers : RHP Wilbert Gallegos
Batting: RHB Jorge Cruz 0-0: Swinging Strike
0-1: Foul Ball, location: 2F
0-2: Foul Ball, location: 2F
0-2: Foul Ball, location: 2F
0-2: Fly out, F6 (Line Drive, 6, EV 74.4 MPH)
Batting: RHB António Reyes 0-0: Swinging Strike
0-1: Ball
1-1: Swinging Strike
1-2: Ball
2-2: Strikes out looking
Batting: RHB Albert McBride 0-0: Ball
1-0: Swinging Strike
1-1: SINGLE (Groundball, 34D, EV 95.0 MPH)
Batting: LHB Robby Sinor 0-0: Swinging Strike
0-1: Called Strike
0-2: Foul Ball, location: 2F
0-2: Strikes out swinging
Top of the 6th over - 0 runs, 1 hit, 0 errors, 1 left on base; Eugene 0 - Grim 11
BOTTOM OF THE 6TH
Grim Reapers batting - Pitching for Eugene Vandals : RHP Roque Moreco
Batting: RHB Chi-eun Mun 0-0: Fly out, F6 (Popup, 6S, EV 75.6 MPH)
Batting: LHB Lorenzo Ortíz 0-0: Ball
1-0: Ball
2-0: Called Strike
2-1: Foul Ball, location: 2F
2-2: Foul Ball, location: 2F
2-2: Reached on error, E1 (Groundball, 15, EV 84.4 MPH)
Batting: SHB Leonard Davis 0-0: Ball
1-0: Foul Ball, location: 2F
1-1: Ball
2-1: Foul Ball, location: 2F
2-2: Ground out U3 (Groundball, 3L, EV 80.6 MPH)
Lorenzo Ortíz to third
Batting: RHB Hayes Rutherford 0-0: Called Strike
0-1: Ball
1-1: Ball
2-1: Ball
3-1: Ground out U3 (Groundball, 3S, EV 76.9 MPH)
Bottom of the 6th over - 0 runs, 0 hits, 1 error, 1 left on base; Eugene 0 - Grim 11
TOP OF THE 7TH
Eugene Vandals batting - Pitching for Grim Reapers : RHP Wilbert Gallegos
Batting: RHB Xiao-yong Chu 0-0: Called Strike
0-1: Foul Ball, location: 2F
0-2: Foul Ball, location: 2F
0-2: Foul Ball, location: 2F
0-2: Strikes out looking
Pitching: RHP John Weaver
Batting: RHB Pakarati Girawheen 0-0: Ball
1-0: Ball
2-0: Swinging Strike
2-1: Ground out 6-3 (Groundball, 6, EV 83.1 MPH)
Batting: RHB Chico Custardoi 0-0: Ball
1-0: Ground out 6-3 (Groundball, 6, EV 83.8 MPH)
Top of the 7th over - 0 runs, 0 hits, 0 errors, 0 left on base; Eugene 0 - Grim 11
BOTTOM OF THE 7TH
Grim Reapers batting - Pitching for Eugene Vandals : RHP Roque Moreco
Batting: RHB Kevin Bates 0-0: Ball
1-0: Called Strike
1-1: Foul Ball, location: 2F
1-2: Strikes out swinging
Batting: SHB Takechi Yamashita 0-0: Ball
1-0: Foul Ball, location: 2F
1-1: DOUBLE (Line Drive, 78XD, EV 107.5 MPH)
Pinch Runner at 2nd Grant Hennessey:
Batting: SHB Tekkan Hayagawa 0-0: Ball
Wild Pitch!
Grant Hennessey to third
1-0: Ball
2-0: Ball
3-0: Base on Balls
Pitching: LHP Artur Corteso
Batting: LHB Fernando Guillén 0-0: Ball
1-0: Ball
2-0: Swinging Strike
2-1: Called Strike
2-2: Ball
3-2: DOUBLE (Line Drive, 9LS, EV 98.8 MPH)
Grant Hennessey scores
Tekkan Hayagawa to third
Runner from 3rd tries for Home, SAFE, throw by RF to home
Batting: LHB Lonnie Baker 0-0: Ground out U3 (Groundball, 34, EV 85.6 MPH)
Fernando Guillén to third
Batting: RHB Chi-eun Mun 0-0: Foul Ball, location: 2F
0-1: Called Strike
0-2: Ground out 5-3 (Groundball, 5, EV 77.5 MPH)
Bottom of the 7th over - 2 runs, 2 hits, 0 errors, 1 left on base; Eugene 0 - Grim 13
TOP OF THE 8TH
Eugene Vandals batting - Pitching for Grim Reapers : RHP John Weaver
Now at C: Adrián Sánchez
Pinch Hitting: RHB Vicente Guzmán 0-0: Swinging Strike
0-1: Foul Ball, location: 2F
0-2: Ball
1-2: Strikes out swinging
Batting: RHB Per Coppens 0-0: Foul Ball, location: 2F
0-1: Foul Ball, location: 2F
0-2: Ball
1-2: Ball
2-2: Foul Ball, location: 2F
2-2: Ball
3-2: Foul Ball, location: 2F
3-2: Base on Balls
Batting: RHB Jorge Cruz 0-0: Foul Ball, location: 2F
0-1: Ball
1-1: Swinging Strike
1-2: Hit by Pitch
Per Coppens to second
Batting: RHB António Reyes 0-0: Ball
1-0: Ball
2-0: Foul Ball, location: 2F
2-1: Swinging Strike
2-2: Ball
3-2: Fielders Choice at 2nd, 5-4 (Groundball, 56, EV 101.2 MPH)
Per Coppens to third
Batting: RHB Albert McBride 0-0: Ball
1-0: Called Strike
1-1: Foul Ball, location: 2F
1-2: Hit by Pitch
António Reyes to second
Batting: LHB Robby Sinor 0-0: Called Strike
0-1: Swinging Strike
0-2: Foul Ball, location: 2F
0-2: Ball
1-2: Fly out, F7 (Flyball, 7LS, EV 73.8 MPH)
Top of the 8th over - 0 runs, 0 hits, 0 errors, 3 left on base; Eugene 0 - Grim 13
BOTTOM OF THE 8TH
Grim Reapers batting - Pitching for Eugene Vandals : LHP Artur Corteso
Now at 1B: Jejomar Mondoy
Batting: LHB Lorenzo Ortíz 0-0: Ball
1-0: Foul Ball, location: 2F
1-1: Fly out, F7 (Line Drive, 7, EV 103.1 MPH)
Batting: SHB Leonard Davis 0-0: Ball
1-0: Ball
2-0: SINGLE (Line Drive, 89S, EV 107.5 MPH)
Batting: RHB Hayes Rutherford 0-0: Ball
1-0: Foul Ball, location: 2F
1-1: Foul Ball, location: 2F
1-2: Grounds into double play, 4-6-3 (Groundball, 34, EV 108.8 MPH)
Bottom of the 8th over - 0 runs, 1 hit, 0 errors, 0 left on base; Eugene 0 - Grim 13
TOP OF THE 9TH
Eugene Vandals batting - Pitching for Grim Reapers : RHP John Weaver
Batting: RHB Xiao-yong Chu 0-0: Fly out, F7 (Line Drive, 7, EV 92.5 MPH)
Batting: RHB Pakarati Girawheen 0-0: Ground out 2-3 (Groundball, 13S, EV 71.9 MPH)
Batting: RHB Chico Custardoi 0-0: Ball
1-0: Foul Ball, location: 2F
1-1: Foul Ball, location: 2F
1-2: DOUBLE (Line Drive, 89D, EV 106.9 MPH)
Batting: LHB Jejomar Mondoy 0-0: Ground out 4-3 (Groundball, 4M, EV 103.1 MPH)
Top of the 9th over - 0 runs, 1 hit, 0 errors, 1 left on base; Eugene 0 - Grim 13
Thursday, January 23rd, 2020 - OOTP Baseball 20.8 Build 74